 Dungeon Crawl Stone Soup version 0.29-a0-392-g297d3b089c (webtiles) character file.

Game seed: 5522020439427286856

8695 avis the Grappler (level 11, -4/147 HPs)
             Began as an Ogre Transmuter on May 8, 2022.
             Was an Initiate of Gozag.
             Slain by an eight-headed hydra (8 damage)
             ... on level 3 of the Lair of Beasts.
             The game lasted 01:19:10 (14215 turns).

avis the Grappler (Ogre Transmuter)                Turns: 14215, Time: 01:19:10

Health: -4/147     AC: 10    Str: 16    XL:     11   Next: 34%
Magic:  15/15      EV: 14    Int: 18    God:    Gozag
Gold:   1674       SH:  0    Dex:  9    Spells: 6/16 levels left

rFire   x . .      SeeInvis .     - Unarmed
rCold   + + +      Faith    .   (shield currently unavailable)
rNeg    . . .      Spirit   .   (body armour currently unavailable)
rPois   +          Reflect  .   (helmet currently unavailable)
rElec   .          Harm     .   (cloak currently unavailable)
rCorr   .          Rampage  .   (gloves unavailable)
Will    +....                   (boots unavailable)
Stlth   +.........              n - amulet of magic regeneration
HPRegen 0.34/turn               L - +4 ring of protection
MPRegen 0.54/turn               j - +4 ring of evasion

@: ice-form, gold aura
A: freezing attack, amphibious, boosted hp, large, unfitting armour, (tough skin
1)
a: End Transformation, Renounce Religion, Potion Petition, Call Merchant, Bribe
Branch


You were on level 3 of the Lair of Beasts.
You worshipped Gozag.
Gozag was most pleased with you.
You were a creature of crystalline ice.
You visited 3 branches of the dungeon, and saw 12 of its levels.
You also visited: Sewer and Ossuary.

You collected 1725 gold pieces.
You paid 51 gold pieces to Gozag.

Inventory:

Hand Weapons
 a - the +8 mace of Bibrih (melded) {freeze, rF+ rC+ Will++ Str-4}
   (You found it on level 7 of the Dungeon)

   It freezes those it strikes, dealing additional cold damage.
   It can also slow down cold-blooded creatures.
   Str:       It affects your strength (-4).
   rF:        It protects you from fire.
   rC:        It protects you from cold.
   Will:      It greatly increases your willpower.
 s - a +3 eveningstar of venom
 u - the +10 dire flail "Ocaxelav" {drain, +Blink rN+ SInv Stlth+}
   (You found it on level 3 of the Lair of Beasts)

   A truly terrible weapon, it drains the life of any living foe it strikes.
   rN:        It protects you from negative energy.
   SInv:      It lets you see invisible.
   +Blink:    It lets you blink.
   Stlth:     It makes you more stealthy.
Missiles
 d - a throwing net
 f - 7 poisoned darts
 h - 4 large rocks
 t - 6 javelins
 z - 3 boomerangs
Armour
 o - a +0 cloak (melded)
 S - +1 acid dragon scales (melded)
Jewellery
 j - a +4 ring of evasion (right front paw)
 n - an amulet of magic regeneration (around neck)
 p - a +4 ring of evasion
 x - a ring of fire
 A - a ring of flight
 L - a +4 ring of protection (left front paw)
Scrolls
 c - 7 scrolls of teleportation
 e - 3 scrolls of identify
 l - a scroll of magic mapping
 C - 2 scrolls of summoning
Potions
 b - 2 potions of lignification
 g - 3 potions of resistance
 i - 2 potions of might
 k - 3 potions of brilliance
 m - a potion of invisibility
 q - 4 potions of haste
 r - 10 potions of curing
 v - a potion of cancellation
 w - a potion of mutation
 D - 2 potions of heal wounds
 J - a potion of magic
 K - a potion of ambrosia
 T - a potion of flight


   Skills:
 + Level 11.9 Fighting
 - Level 3.0 Throwing
 - Level 3.0 Dodging
 * Level 12.2 Unarmed Combat
 - Level 3.0 Spellcasting
 - Level 4.0 Transmutations
 + Level 3.1 Ice Magic


You had 6 spell levels left.
You knew the following spells:

 Your Spells              Type           Power      Damage    Failure   Level
a - Beastly Appendage     Tmut           34%        N/A       3%          1
e - Wereblood             Tmut           17%        N/A       4%          2
p - Spider Form           Tmut/Pois      9%         N/A       22%         3
q - Ice Form              Ice/Tmut       15%        N/A       36%         4

Your spell library contained the following spells:

 Spells                   Type           Power      Damage    Failure   Level
 Static Discharge         Conj/Air       2%         N/A       24%         2
 Summon Lightning Spire   Summ/Air       2%         N/A       85%         4
 Lightning Bolt           Conj/Air       1%         1d12      99%         5
 Storm Form               Tmut/Air       4%         N/A       100%        7
 Maxwell's Capacitive Co  Air            1%         ∞         100%        8


Dungeon Overview and Level Annotations

Branches:
Dungeon (8/15)             Temple (1/1) D:4            Lair (3/6) D:8
 Spider (0/4) Lair:2        Sewer (visited)         Ossuary (visited)
  Swamp: Lair:2-4    Shoals: Lair:2-4

Altars:
Ashenzari
Cheibriados
Dithmenos
Elyvilon
Fedhas
Gozag
Hepliaklqana
Kikubaaqudgha
Makhleb
Nemelex Xobeh
Okawaru
Qazlal
Ru
Sif Muna
Trog
Uskayaw
Vehumet
Wu Jian
Xom
Yredelemnul
Zin
The Shining One


Innate Abilities, Weirdness & Mutations

You are a creature of crystalline ice.
You have a powerful freezing melee attack.
You are amphibious.
Your maximum health is increased.
Your armour is entirely melded.
You are incapable of wielding weapons or throwing items.
You are too large for most types of armour.
((You have tough skin. (AC +1)))


Message History

The eight-headed hydra attacks as you move away!
The eight-headed hydra bites you but does no damage. x3
The eight-headed hydra bites you! x2
The eight-headed hydra barely misses you.
The eight-headed hydra bites you.
The eight-headed hydra barely misses you.
A nearby plant withers and dies.
You punch the eight-headed hydra!
The eight-headed hydra seems to slow down.
You freeze the eight-headed hydra.
The eight-headed hydra is heavily wounded.
The eight-headed hydra bites you. x2; The eight-headed hydra bites you!
The eight-headed hydra bites you but does no damage.
The eight-headed hydra bites you!
The eight-headed hydra barely misses you.
The eight-headed hydra bites you.
* * * LOW HITPOINT WARNING * * *
The eight-headed hydra bites you.
* * * LOW HITPOINT WARNING * * *
You pummel the eight-headed hydra!! You freeze the eight-headed hydra!
The eight-headed hydra is almost dead.
The yak is distracted by your dazzling golden aura.
You hit the eight-headed hydra. You freeze the eight-headed hydra.
The eight-headed hydra is almost dead.
The yak is no longer distracted by gold.
The yak is distracted by your dazzling golden aura.
The eight-headed hydra barely misses you.
The eight-headed hydra closely misses you.
The eight-headed hydra bites you!
* * * LOW HITPOINT WARNING * * *
The eight-headed hydra bites you but does no damage.
The eight-headed hydra bites you.
* * * LOW HITPOINT WARNING * * *
The eight-headed hydra bites you!
* * * LOW HITPOINT WARNING * * *
The eight-headed hydra bites you!
* * * LOW HITPOINT WARNING * * *
The eight-headed hydra bites you!
You die...
Your body crumbles into a pile of gold.

≈........# ..
≈........###.
≈.........P#≈♣♣♣
≈......≈≈≈P≈≈≈≈♣♣♣
.......P≈P≈≈P≈≈≈≈♣♣♣
.........≈≈≈≈≈Y≈≈≈≈≈P♣♣
≈.........≈≈≈YY≈≈≈≈P≈≈♣
≈....#.....≈≈Y≈≈≈≈≈≈P≈♣
#....#.....≈$P≈DY≈≈≈≈≈♣
≈.....#...≈PP≈≈≈≈≈≈≈≈≈♣
..........≈≈≈P≈≈≈≈≈≈P♣♣
..........≈PP≈≈P≈≈≈≈♣♣
P........≈P≈P≈P≈≈≈≈P♣
#........PP≈≈≈≈P≈≈≈♣♣
#...........##≈♣♣♣♣♣
.......#....#....
.....####...## ..


You could see an eight-headed hydra (slow) and 4 yaks.

Vanquished Creatures
  Urug (Lair:2)
  3 cane toads (Lair:2)
  Maggie (Lair:1)
  3 komodo dragons
  A rime drake (Lair:2)
  2 polar bears
  A troll (D:7)
  A hornet (D:8)
  9 yaks
  A basilisk (Lair:3)
  A steam dragon (D:8)
  5 water moccasins
  An orc warrior (D:6)
  A sky beast (D:7)
  A black bear (D:6)
  An ice beast (D:8)
  2 ogres
  3 phantoms
  Blork the orc (D:5)
  2 elf zombies (Ossuary)
  6 bullfrogs
  A necrophage (D:7)
  A gnoll sergeant (D:5)
  5 scorpions (Lair:2)
  8 killer bees (D:8)
  2 electric eels (Lair:3)
  A howler monkey (D:8)
  An orc priest (D:6)
  A jelly (D:5)
  A gnoll shaman (D:6)
  Crazy Yiuf (D:7)
  Ijyb (D:5)
  5 iguanas
  6 orc wizards
  A hound zombie (Ossuary)
  4 mummies (Ossuary)
  Robin (D:4)
  9 gnolls
  14 adders
  3 white imps
  2 ufetubi (D:6)
  7 worms
  A dart slug (D:2)
  21 orcs
  4 endoplasms
  3 giant cockroaches
  19 goblins
  5 hobgoblins
  13 jackals
  10 kobolds
  A quokka (D:4)
  5 ball pythons
  8 bats
  7 frilled lizards
  2 gnoll zombies (Ossuary)
  A goblin zombie (Ossuary)
  2 hobgoblin zombies (Ossuary)
  A kobold zombie (Ossuary)
  An orc zombie (Ossuary)
  7 rats
  2 rat zombies (Ossuary)
235 creatures vanquished.

Vanquished Creatures (others)
  A fungus (Lair:2)
  19 plants
20 creatures vanquished.

Grand Total: 255 creatures vanquished

Notes
Turn   | Place    | Note
-------+----------+-------------------------------------------
     0 | D:1      | avis the Ogre Transmuter began the quest for the Orb.
     0 | D:1      | Reached XP level 1. HP: 19/19 MP: 3/3
   193 | D:1      | Reached XP level 2. HP: 21/28 MP: 1/5
   281 | D:1      | Reached skill level 3 in Unarmed Combat
   599 | D:1      | Reached XP level 3. HP: 35/35 MP: 4/6
   846 | D:1      | Learned a level 3 spell: Spider Form
  1022 | D:2      | Reached XP level 4. HP: 40/44 MP: 4/8
  1679 | D:2      | Reached skill level 4 in Unarmed Combat
  1945 | D:3      | Found a faded altar of an unknown god.
  2131 | D:3      | Reached XP level 5. HP: 53/53 MP: 5/9
  2876 | D:4      | Noticed an ogre
  2917 | D:4      | Killed an ogre
  2918 | D:4      | Reached XP level 6. HP: 30/62 MP: 6/10
  3187 | D:4      | Noticed Robin
  3205 | D:4      | Killed Robin
  3210 | D:4      | Found a stormy altar of Qazlal.
  3210 | D:4      | Found a glowing silver altar of Zin.
  3305 | D:4      | Learned a level 4 spell: Ice Form
  3360 | D:4      | Found a bloodstained altar of Trog.
  3481 | D:4      | Found a staircase to the Ecumenical Temple.
  3509 | Temple   | Entered the Ecumenical Temple
  3712 | Temple   | Became a worshipper of Gozag Ym Sagoz the Greedy
  3956 | D:5      | Entered Level 5 of the Dungeon
  4149 | D:5      | Reached skill level 5 in Unarmed Combat
  4162 | D:5      | Found a glowing drain.
  4178 | Sewer    | Entered a sewer
  4671 | D:5      | Noticed Blork the orc
  4682 | D:5      | Killed Blork the orc
  4683 | D:5      | Reached XP level 7. HP: 55/71 MP: 8/11
  4820 | D:5      | Reached skill level 5 in Fighting
  5051 | D:5      | Noticed Ijyb
  5059 | D:5      | Killed Ijyb
  5146 | D:5      | Reached skill level 6 in Unarmed Combat
  5811 | D:6      | Reached XP level 8. HP: 83/83 MP: 8/12
  5852 | D:6      | Found a sand-covered staircase.
  5862 | Ossuary  | Entered an ossuary
  6382 | D:6      | Reached skill level 7 in Unarmed Combat
  6382 | D:6      | Reached skill level 1 in Ice Magic
  6876 | D:6      | Reached skill level 1 in Throwing
  7076 | D:6      | Reached XP level 9. HP: 46/93 MP: 10/13
  7084 | D:6      | HP: 4/93 [poisoned by a water moccasin]
  7933 | D:6      | Reached skill level 8 in Unarmed Combat
  8548 | D:7      | Noticed a troll
  8561 | D:7      | Killed a troll
  8916 | D:7      | Reached skill level 9 in Unarmed Combat
  9023 | D:7      | Found a runed translucent door.
  9026 | D:7      | Noticed Crazy Yiuf
  9032 | D:7      | Killed Crazy Yiuf
  9037 | D:7      | Identified the +8 mace of Bibrih {freeze, rF+ rC+ Will++
                  | Str-4}
  9191 | D:8      | Found a staircase to the Lair.
  9993 | D:8      | Noticed a hornet
 10000 | D:8      | Killed a hornet
 10072 | D:8      | Reached XP level 10. HP: 102/107 MP: 10/14
 10157 | D:8      | Reached skill level 10 in Unarmed Combat
 10173 | D:8      | Reached skill level 10 in Fighting
 10490 | Lair:1   | Entered Level 1 of the Lair of Beasts
 11562 | Lair:1   | Noticed Maggie
 11575 | Lair:1   | Killed Maggie
 12364 | Lair:2   | Noticed a cane toad
 12374 | Lair:2   | Killed a cane toad
 12375 | Lair:2   | Reached skill level 11 in Unarmed Combat
 12435 | Lair:2   | Found a hole to the Spider Nest.
 12513 | Lair:2   | Noticed a cane toad
 12517 | Lair:2   | Killed a cane toad
 12640 | Lair:2   | Reached XP level 11. HP: 120/120 MP: 12/15
 13213 | Lair:2   | Learned a level 2 spell: Wereblood
 13279 | Lair:3   | Noticed Urug
 13452 | Lair:2   | HP: 2/120 [Urug/+3 eveningstar of venom (26)]
 13863 | Lair:2   | Killed Urug
 13864 | Lair:2   | Reached skill level 12 in Unarmed Combat
 13967 | Lair:3   | Identified the +10 dire flail "Ocaxelav" {drain, +Blink rN+
                  | SInv Stlth+}
 14201 | Lair:3   | Noticed an eight-headed hydra
 14215 | Lair:3   | HP: 4/147 [eight-headed hydra (11)]
 14215 | Lair:3   | Slain by an eight-headed hydra

Illustrated notes

Levels and vault maps discovered:
D:1:      saegor_arrival_simple_b, layout_rooms
D:2:      layout_rooms
D:3:      layout_basic, basic_ecumenical_altar
D:4:      layout_rooms, lemuel_crystal_altar, mainiacjoe_overflow_divided_tiny,
          minmay_temple_entry_mini_moons, uniq_robin
D:5:      layout_gridville, portal_sewer_entry_d, lightli_minifort, uniq_ijyb,
          uniq_blork_the_orc
D:6:      layout_basic, enter_ossuary_1
D:7:      layout_basic, hangedman_decor_lopped, uniq_crazy_yiuf_cottage
D:8:      layout_loops_corners, dpeg_oklobed_lair
Temple:   mainiacjoe_temple_bowtie_tessellation
Lair:1:   layout_roguey, uniq_maggie
Lair:2:   layout_hall_layers, nicolae_spider_entry_non_spiders
Lair:3:   layout_gridlike, minmay_swamp_entry_eels, serial_bayou,
          serial_bayou_lagoon_a, serial_bayou_shore_a, serial_bayou_ford_a,
          serial_bayou_pond_e, lemuel_fruit_tree, uniq_fannar, uniq_urug,
          uniq_snorg

Skill      XL: |  1  2  3  4  5  6  7  8  9 10 11 |
---------------+----------------------------------+-----
Unarmed Combat | 3 4 5 6 7 9 11 12 | 12.2
Transmutations | 2 3 4 |  4.0
Fighting       | 2 3 4 5 7 9 11 | 11.9
Spellcasting   | 3 |  3.0
Dodging        | 2 3 |  3.0
Ice Magic      | 1 3 |  3.1
Throwing       | 1 2 3 |  3.0

Action                   |  1- 3 |  4- 6 |  7- 9 | 10-12 || total
-------------------------+-------+-------+-------+-------++-------
Melee: Unarmed           |    83 |   174 |   318 |   123 ||   698
       Kick              |    21 |    10 |    25 |       ||    56
       Headbutt          |     5 |     2 |    14 |       ||    21
       Punch             |     1 |     1 |     2 |     2 ||     6
       Mace              |       |       |       |     4 ||     4
 Cast: Beastly Appendage |    24 |    16 |    15 |       ||    55
       Spider Form       |     3 |    36 |    38 |     5 ||    82
       Ice Form          |       |       |     4 |    20 ||    24
 Abil: End Transformatio |       |       |     4 |       ||     4
  Use: Scroll            |       |     5 |    12 |    11 ||    28
       Potion            |       |       |     2 |     2 ||     4
 Stab: Sleeping          |     1 |     1 |       |       ||     2
Armor: Robe              |    21 |     9 |    20 |     1 ||    51
       Skin              |     5 |     6 |     9 |    28 ||    48
       Acid dragon scale |       |       |       |     4 ||     4
Dodge: Dodged            |    57 |   123 |   259 |    79 ||   518

Table legend: (Time is in decaauts)
 A = Elapsed time spent in this place.
 B = Non-inter-level travel time spent in this place.
 C = Inter-level travel time spent in this place.
 D = Time resting spent in this place.
 E = Time spent auto-exploring this place.
 F = Levels seen in this place.
 G = Mean time per level.
                   A        B        C        D        E       F      G
               +--------+--------+--------+--------+--------+-----+--------+
         Total |  14218 |  12895 |   1323 |   3457 |   5358 |  14 | 1015.6 |
       Dungeon |   9542 |   8509 |   1033 |   2216 |   4030 |   8 | 1192.8 |
        Temple |    257 |    226 |     31 |      0 |    183 |   1 |  257.0 |
          Lair |   3547 |   3289 |    258 |    943 |   1113 |   3 | 1182.3 |
         Sewer |    511 |    511 |      0 |    152 |      3 |   1 |  511.0 |
       Ossuary |    359 |    359 |      0 |    146 |     29 |   1 |  359.0 |
               +--------+--------+--------+--------+--------+-----+--------+

Top non-repeatable levels by time:
     D:6: 2147 daAuts
  Lair:1: 2001 daAuts
     D:5: 1397 daAuts
  Lair:2: 1349 daAuts
     D:8: 1136 daAuts
     D:7: 1052 daAuts
     D:3: 1043 daAuts
     D:1: 1022 daAuts
     D:2: 877 daAuts
     D:4: 864 daAuts
   Sewer: 511 daAuts
 Ossuary: 359 daAuts
  Temple: 257 daAuts
  Lair:3: 196 daAuts
